 Dungeon Crawl Stone Soup version 0.28-a0-779-g3d1f99b579 (webtiles) character file.

Game seed: 16988020284968432188

52 kae the Chopper (level 3, 0/33 HPs)
             Began as a Hill Orc Cinder Acolyte on Nov 2, 2021.
             Was a High Priest of Ignis.
             Slain by a goblin (5 damage)
             ... led by Robin
             ... on level 3 of the Dungeon.
             The game lasted 00:00:34 (1513 turns).

kae the Chopper (Hill Orc Cinder Acolyte)           Turns: 1513, Time: 00:00:35

Health: 0/33       AC:  2    Str: 17    XL:     3   Next: 85%
Magic:  4/5        EV: 11    Int: 14    God:    Ignis [*****.]
Gold:   43         SH:  0    Dex:  6    Spells: 2/4 levels left

rFire   + . .      SeeInvis .   a - -1 hand axe (flame)
rCold   . . .      Faith    .   (no shield)
rNeg    . . .      Spirit   .   b - +0 robe
rPois   .          Reflect  .   (no helmet)
rElec   .          Harm     .   (no cloak)
rCorr   .          Rampage  .   (no gloves)
Will    .....                   (no boots)
Stlth   +.........              (no amulet)
HPRegen 0.11/turn               (no ring)
MPRegen 0.09/turn               (no ring)

@: weak-willed
A: no striking features
a: Renounce Religion, Sea of Fire, Foxfire Swarm, Rising Flame


You were on level 3 of the Dungeon.
You worshipped Ignis.
Ignis was extremely pleased with you.
You visited 1 branch of the dungeon, and saw 3 of its levels.

You collected 43 gold pieces.

Inventory:

Hand Weapons
 a - a -1 hand axe of flaming (weapon)
Armour
 b - a +0 robe (worn)
Scrolls
 c - a scroll of vulnerability
 d - a scroll of identify {unknown}


   Skills:
 + Level 4.1 Fighting
 * Level 5.0 Axes
 + Level 1.4 Spellcasting
 + Level 3.7 Fire Magic


You had 2 spell levels left.
You knew the following spells:

 Your Spells              Type           Power      Damage    Failure   Level
a - Scorch                Fire           22%        2d6       9%          2

Your spell library contained the following spells:

 Spells                   Type           Power      Damage    Failure   Level


Dungeon Overview and Level Annotations

Branches:
Dungeon (3/15)

Altars:

Annotations:
D:3 Robin


Message History

You open the door. 6 goblins, a hobgoblin and Robin come into view.
A goblin is wielding a +0 antimagic dagger.
Robin shouts!
The goblin shouts! x6; The hobgoblin shouts!
You hear a shout! x2
A goblin comes into view. It is wielding a +0 club.
Found a stone staircase leading down.
A goblin and a hobgoblin come into view.
The hobgoblin shouts!
The goblin shouts!
Robin roars a battlecry!
The goblins go into a battle-frenzy!
The goblin hits you with a +0 antimagic dagger.
You feel your power leaking away.
There is an open door here.
You hit the hobgoblin. You burn the hobgoblin.
The hobgoblin is almost dead.
You hit the goblin. You burn the goblin.
You kill the goblin!
You closely miss the goblin.
The hobgoblin hits you but does no damage.
The goblin hits you with a +0 club.
There are monsters nearby!
There are monsters nearby!
There are monsters nearby!
The goblin barely misses you. The hobgoblin hits you. Robin barely misses you.
The goblin hits you with a +0 club.
There is a stone staircase leading down here.
Things that are here:
a +0 antimagic dagger; a goblin corpse The goblin hits you with a +0 club.
The hobgoblin hits you!
* * * LOW HITPOINT WARNING * * *
The goblin hits you with a +0 club.
* * * LOW HITPOINT WARNING * * *
The goblin barely misses you.
You climb downwards.
There is a stone staircase leading up here.
You aren't carrying any potions.
As you read the scroll labelled YGIRACLIORGHAA, it crumbles to dust.
Magic quickly surges around you.
It was a scroll of vulnerability.
The hobgoblin barely misses you. The goblin hits you with a +0 club.
You die...

# # #####.#....
#gg@gg....#
......###.#.###
####. .. # ...
###


You could see Robin (weak-willed), a hobgoblin (strong, weak-willed) and 2
goblins.

Vanquished Creatures
  A gnoll (D:1)
  A dart slug (D:1)
  2 bats (D:1)
  5 endoplasms (D:1)
  2 giant cockroaches (D:1)
  8 hobgoblins (D:1)
  2 kobolds (D:1)
  A quokka (D:1)
  3 ball pythons (D:1)
  A frilled lizard (D:1)
  5 goblins
  5 rats
36 creatures vanquished.

Notes
Turn   | Place    | Note
-------+----------+-------------------------------------------
     0 | D:1      | kae the Hill Orc Cinder Acolyte began the quest for the
                  | Orb.
     0 | D:1      | Reached XP level 1. HP: 19/19 MP: 2/2
    47 | D:1      | Reached XP level 2. HP: 9/27 MP: 3/3
   338 | D:1      | Reached XP level 3. HP: 30/33 MP: 4/4
   341 | D:1      | Learned a level 2 spell: Scorch
   854 | D:1      | Found a faded altar of an unknown god.
  1442 | D:2      | Reached skill level 5 in Axes
  1507 | D:2      | Noticed Robin
  1513 | D:3      | Slain by a goblin

Illustrated notes

Levels and vault maps discovered:
D:1:      dpeg_arrival_orchard, layout_loops_ring,
          hellmonk_ecumenical_altar_slurped_away
D:2:      layout_basic, serial_shops, shop, minmay_heptomino_d4, uniq_jessica,
          uniq_robin
D:3:      layout_rooms, serial_shops, nicolae_diamond_shop, serial_curves,
          eino_curves_03, eino_curves_03, minmay_misc_feat_tower

Skill      XL: |  1  2  3 |
---------------+----------+-----
Fighting       | 4 |  4.1
Axes           | 5 |  5.0
Spellcasting   | |  1.4
Fire Magic     | |  3.7

Action                   || total
-------------------------++-------
Melee: Hand axe          ||    71
 Cast: Scorch            ||    12
  Use: Scroll            ||     1
Armor: Robe              ||    14
Dodge: Dodged            ||    48

Table legend: (Time is in decaauts)
 A = Elapsed time spent in this place.
 B = Non-inter-level travel time spent in this place.
 C = Inter-level travel time spent in this place.
 D = Time resting spent in this place.
 E = Time spent auto-exploring this place.
 F = Levels seen in this place.
 G = Mean time per level.
                   A        B        C        D        E       F      G
               +--------+--------+--------+--------+--------+-----+--------+
         Total |   1517 |   1470 |     47 |      0 |   1288 |   3 |  505.7 |
       Dungeon |   1517 |   1470 |     47 |      0 |   1288 |   3 |  505.7 |
               +--------+--------+--------+--------+--------+-----+--------+

Top non-repeatable levels by time:
     D:1: 1445 daAuts
     D:2: 71 daAuts
     D:3: 0 daAuts
